 Dungeon Crawl Stone Soup version 0.24.0-13-gcf9b319 (webtiles) character file.

Game seed: 14065322573690919904, levelgen mode: deterministic

102 DJSashaDrone the Poker (level 4, 35/35 HPs)
             Began as a Demonspawn Monk on Mar 6, 2020.
             Quit the game on level 2 of the Dungeon.
             The game lasted 00:03:32 (818 turns).

DJSashaDrone the Poker (Demonspawn Monk)             Turns: 818, Time: 00:03:33

Health: 35/35      AC:  3    Str: 11 (12) XL:     4   Next: 50%
Magic:  4/4        EV: 13    Int:  9 (12) God:
Gold:   77         SH:  0    Dex: 13 (15) Spells: 3/3 levels left

rFire    . . .     SeeInvis .   d - -3 spear (curse)
rCold    . . .     Gourm    .   (no shield)
rNeg     . . .     Faith    .   b - +1 robe
rPois    .         Spirit   .   (no helmet)
rElec    .         Reflect  .   (no cloak)
rCorr    .         Harm     .   (no gloves)
MR       .....                  (no boots)
Stlth    +++.......             (no amulet)
HPRegen  0.11/turn              (no ring)
MPRegen  0.09/turn              (no ring)

@: no status effects
A: hooves 1, nightstalker 1, sanguine armour 1
a: no special abilities


You were on level 2 of the Dungeon.
You were not hungry.

You visited 1 branch of the dungeon, and saw 2 of its levels.

You collected 77 gold pieces.

Inventory:

Hand Weapons
 a - a +0 spear
 d - a cursed -3 spear (weapon)
Armour
 b - a +1 robe (worn)
Potions
 e - a potion of curing
 g - a potion of degeneration
Comestibles
 c - 3 rations


   Skills:
 + Level 3.5 Fighting
 + Level 3.7 Polearms
 + Level 3.4 Dodging
 + Level 2.1 Stealth


You had 3 spell levels left.
You didn't know any spells.
Your spell library was empty.

Dungeon Overview and Level Annotations

Branches:
Dungeon (2/15)

Altars:


Innate Abilities, Weirdness & Mutations

You have large cloven feet.
You are slightly more attuned to the shadows.
When seriously injured, your bleeding wounds create armour. (AC +0)


Message History

The bullfrog is heavily wounded.
The bullfrog hits you but does no damage.
You hit the bullfrog.
The bullfrog is severely wounded.
The bullfrog closely misses you.
The bullfrog hits you but does no damage.
You hit the bullfrog.
The bullfrog is almost dead.
The bullfrog hits you.
It was a potion of heal wounds.
You feel much better.
Your blood armour dries and flakes away.
The bullfrog barely misses you. The bullfrog closely misses you.
You hit the bullfrog.
You kill the bullfrog!
You feel your strength returning.
Your Stealth skill increases to level 2!
You have reached level 4!
You feel clever.
Your demonic ancestry asserts itself...
Your feet thicken and deform.
Are you sure you want to abandon this character and quit the game? (Confirm with "yes".)

#[#.# # #. #.#.# # #.
... ####.#.###
###.###.# #.........
#.....#.# #.........
###.# #.#.###.#.......
...# #.......#.......
####.###....##.#.......
#....r@................
#.####.##...#.........>
#.................
#.#######...........#..
#.#................<...
#.#.#####.###.......###
#....####.# #.......###
#.........# ###....†.†.
##...###### #.#######


You could see a rat.

Vanquished Creatures
  A bullfrog (D:2)
  2 dart slugs (D:2)
  A ball python (D:1)
  2 giant cockroaches (D:1)
  7 goblins (D:1)
  4 hobgoblins (D:1)
  6 jackals
  A quokka (D:2)
  2 bats (D:1)
  A frilled lizard (D:1)
  4 kobolds (D:1)
  A rat (D:1)
32 creatures vanquished.

Notes
Turn   | Place    | Note
-------+----------+-------------------------------------------
     0 | D:1      | DJSashaDrone the Demonspawn Monk began the quest for the
                  | Orb.
     0 | D:1      | Reached XP level 1. HP: 18/18 MP: 1/1
    53 | D:1      | Gained mutation: When seriously injured, your bleeding
                  | wounds create armour. (AC +0) [demonic ancestry]
    53 | D:1      | Reached XP level 2. HP: 12/24 MP: 2/2
   499 | D:1      | Gained mutation: You are slightly more attuned to the
                  | shadows. [demonic ancestry]
   499 | D:1      | Reached XP level 3. HP: 26/29 MP: 3/3
   787 | D:2      | Noticed a bullfrog
   817 | D:2      | Killed a bullfrog
   817 | D:2      | Gained mutation: You have large cloven feet. [demonic
                  | ancestry]
   817 | D:2      | Reached XP level 4. HP: 35/35 MP: 4/4
   818 | D:2      | Quit the game

Levels and vault maps discovered:
D:1:      zaba_arrival_water, layout_rooms, grunt_decor_cap
D:2:      layout_loops_ring, minivault_14

Skill      XL: |  1  2  3 |
---------------+----------+-----
Polearms       | 3 |  3.7
Dodging        | 3 |  3.4
Stealth        | 2 |  2.1
Fighting       | |  3.5

Action                   |  1- 3 |  4- 6 || total
-------------------------+-------+-------++-------
Melee: Spear             |   209 |       ||   209
  Use: Scroll            |     5 |       ||     5
       Potion            |     3 |       ||     3
 Stab: Sleeping          |     3 |       ||     3
Armor: Robe              |    55 |       ||    55
Dodge: Dodged            |   162 |       ||   162
